 Dungeon Crawl Stone Soup version 0.13.1-27-ga479965 (webtiles) character file.

105993 Iskender the Ripper (level 15, -12/60 HPs)
             Began as a Felid Chaos Knight on Feb 8, 2014.
             Was the Champion of Sif Muna.
             Mangled by an ettin skeleton (35 damage)
             ... on Level 22 of the Dungeon on Feb 10, 2014.
             The game lasted 11:49:38 (52440 turns).

Iskender the Ripper (Felid Chaos Knight)           Turns: 52440, Time: 11:49:42

HP -12/60        AC  6     Str  8      XL: 15   Next: 85%
MP  32/36        EV 35     Int 16      God: Sif Muna [******]
Gold 3688        SH  0     Dex 22      Spells: 11 memorised,  0 levels left
Lives: 0, deaths: 4

Res.Fire  : + . .   See Invis. : +     - Unarmed
Res.Cold  : . . .   Warding    : .   (armour unavailable)
Life Prot.: . . .   Conserve   : .   (shield unavailable)
Res.Poison: .       Res.Corr.  : .   (helmet unavailable)
Res.Elec. : .       Clarity    : +   (cloak unavailable)
Sust.Abil.: . .     Spirit.Shd : .   (gloves unavailable)
Res.Mut.  : .       Stasis     : .   (boots unavailable)
Res.Rott. : .       Flight     : .   a - amulet of clarity
Saprovore : . . .                    H - ring of fire
                                     w - ring of wizardry

@: blade paws, quick, very resistant to hostile enchantments, very stealthy
A: paw claws, no armour, no advanced items, antennae 1, fangs 3, see invisible,
berserk 1, breathe flames 1, carnivore 3, deformed body, speed 1, screaming 1,
slow metabolism 1, AC +6, Int +2
a: End Transformation, Channel Energy, Forget Spell, Renounce Religion, Breathe
Fire


You were on level 22 of the Dungeon.
You worshipped Sif Muna.
Sif Muna was exalted by your worship.
You were completely stuffed.
Your front paws were blades.
You visited 7 branches of the dungeon, and saw 43 of its levels.
You also visited: Labyrinth, Sewer and Ice Cave.

You collected 7439 gold pieces.
You spent 3771 gold pieces at shops.

Inventory:

Comestibles
 c - 4 meat rations
 M - 4 chunks of boulder beetle flesh
Scrolls
 f - a scroll of identify
 j - 3 scrolls of torment
 k - 3 scrolls of remove curse
 q - 9 scrolls of teleportation
 x - 4 scrolls of fog
 A - 3 scrolls of fear
 B - 2 scrolls of blinking
 D - a scroll of summoning
 J - 2 scrolls of magic mapping
Jewellery
 a - an amulet of clarity (around neck)
 g - an uncursed ring of sustain abilities
 h - an uncursed amulet of warding
 i - a +4 ring of intelligence
 n - an uncursed ring of positive energy
 o - an uncursed ring of ice
 p - an uncursed ring of poison resistance
 r - an uncursed ring of regeneration
 v - a +6 ring of protection
 w - a ring of wizardry (left scythe-like blade)
 C - an uncursed amulet of stasis
 H - a ring of fire (right scythe-like blade)
 I - an uncursed ring of teleport control
 N - an uncursed ring of protection from cold
 Q - an uncursed ring of positive energy
Potions
 b - 3 potions of curing
 d - a potion of magic
 e - a potion of beneficial mutation {unknown}
 t - 7 potions of brilliance
 z - 3 potions of heal wounds
 F - 2 potions of speed
 K - 2 potions of might
 O - a potion of restore abilities
Books
 l - Sif Muna's Volume of Calling
   (Sif Muna gifted it to you on level 3 of the Shoals)

   Spells                             Type                      Level
   Demonic Horde                      Summoning                    6
   Mass Abjuration                    Summoning                    6
   *Summon Ugly Thing                 Summoning                    6
 S - Sif Muna's Reference Book on the Voyage
   (Sif Muna gifted it to you on level 20 of the Dungeon)

   Spells                             Type                      Level
   *Shroud of Golubria                Charms/Translocation         2
   Phase Shift                        Translocation                5
   Dispersal                          Translocation                6
   Malign Gateway                     Summoning/Translocation      7
Miscellaneous
 m - a plain deck of dungeons
 s - a phial of floods
 u - a plain deck of war
 E - a sack of spiders
 G - a plain deck of defence


   Skills:
 - Level 4.3 Fighting
 + Level 16.1 Dodging
 - Level 11.2 Stealth
 - Level 16.2 Unarmed Combat
 - Level 12.7 Spellcasting
 - Level 2.4 Conjurations
 - Level 13.2 Charms
 - Level 9.7 Summonings
 - Level 3.5 Translocations
 - Level 10.6 Transmutations
 - Level 8.4 Air Magic
 - Level 1.2 Poison Magic
 - Level 4.5 Invocations


You couldn't memorise any spells.
You knew the following spells:

 Your Spells              Type           Power        Failure   Level  Hunger
a - Shroud of Golubria    Chrm/Tloc      #####.....   4%          2    None
b - Blink                 Tloc           N/A          10%         2    None
c - Mephitic Cloud        Conj/Pois/Air  ###.....     13%         3    None
d - Deflect Missiles      Chrm/Air       #####.....   24%         6    ######.
e - Apportation           Tloc           ###.......   7%          1    None
g - Regeneration          Chrm/Necr      ####......   7%          3    None
h - Haste                 Chrm           ######..     14%         6    ######.
t - Control Teleport      Chrm/Tloc      #####.....   8%          4    ##.....
y - Summon Ugly Thing     Summ           #####.....   32%         6    ######.
z - Blade Hands           Trmt           #####.....   10%         5    ####...
R - Summon Butterflies    Summ           #####...     3%          1    None


Dungeon Overview and Level Annotations

Branches:
Dungeon (22/27)            Temple (1/1) D:7             Orc (4/4) D:7
    Elf (0/3) Orc:4          Lair (8/8) D:10         Shoals (4/5) Lair:4
 Spider (2/5) Lair:4        Slime (0/6) Lair:6       Vaults (2/5) D:15
  Crypt: Vaults:2-3

Altars:
Ashenzari
Cheibriados
Elyvilon
Fedhas
Kikubaaqudgha
Makhleb
Nemelex Xobeh
Okawaru
Sif Muna
Trog
Vehumet
Xom
Yredelemnul
Zin
the Shining One
Beogh

Shops:
D:4 [   D:6 %(?   D:7 (+   D:11 (}   D:16 }   Orc:2 =   Orc:4 [(+}
Vaults:2 ([

Portals:
Hell: D:21 D:22
Trove: D:14 (show slimy rune of Zot)

Annotations:
D:15 exclusion: ice statue
D:16 exclusions: ice statue and orange crystal statue
D:17 exclusion: 6 oklob plants
D:20 vault
D:22 Jory
Orc:2 =slay
Lair:7 exclusion: 4 oklob plants
Shoals:1 exclusion: Roxanne, Roxanne
Spider:2 Arachne, Nessos
Vaults:1 exclusion: ironheart preserver, Frances, Norris, Saint Roka
Vaults:2 smajdalf's ghost, mighty DrCj


Innate Abilities, Weirdness & Mutations

You cannot wear armour.
You are incapable of any advanced item manipulation.
((Your paws have sharp claws.))
You have razor-sharp teeth.
You have supernaturally acute eyesight.
You are carnivorous and can eat meat at any time.
You cover ground quickly.
Your thick and shaggy fur keeps you warm (AC +3, rC+).
You have a slow metabolism.
You have a pair of small antennae on your head.
You are partially covered in molten scales (AC +1).
You are partially covered in thin metallic scales (AC +2).
You tend to lose your temper in combat.
You can breathe flames.
Your mind is acute. (Int +2)
Your body is misshapen.
You occasionally shout uncontrollably.


Message History

Confirm with . or Enter, or press ? or * to list all spells.
Okay, then.
An ettin skeleton comes into view.
The ettin skeleton moves out of view.
An ettin skeleton is nearby!
You see here an arrow.
Casting: Blade Hands
Confirm with . or Enter, or press ? or * to list all spells.
Your front paws turn into razor-sharp scythe blades.
Your shroud begins to fray at the edges.
You slice the ettin skeleton!! The ettin skeleton hits you!
The ettin skeleton completely misses you.
You slash the ettin skeleton! You slice the ettin skeleton!!
You bite the ettin skeleton, but do no damage.
Your red ugly thing engulfs the ettin skeleton.
The ettin skeleton is engulfed in flames!
The ettin skeleton hits you!
Ouch! That really hurt!
You die...

############################
.(...(.........(@Z...(((...#
.#####(....#####u....##....#
.# #.....# #.....#{....# .#
##...## ##...##.c...# .#
##.## ##.##..u.#.# .### ###
###.uu###.# ...## ... . ...#
# :.).##..... ...#
.....#..⌠.. . ..


You could see an ettin skeleton and a friendly red ugly thing.

Vanquished Creatures
  A lich (D:21)
  Polyphemus (Shoals:2)
  Agnes (Shoals:1)
  Kirke (Spider:2)
  2 frost giants
  A fire giant (D:21)
  Gastronok (Lair:1)
  A reaper (D:18)
  7 stone giants
  A green death (D:18)
  3 dragons
  11 yaktaur captains
  A great orb of eyes (D:18)
  6 hydras
  A minotaur (Lab)
  A ravenous feature mimic (D:21)
  2 ice dragons
  Harold (D:10)
  3 ogre magi
  A deep troll shaman (Vaults:2)
  7 death yaks
  10 centaur warriors
  Urug (D:10)
  3 orc high priests (Orc:4)
  2 very ugly things
  Nergalle (D:13)
  A fire crab (D:22)
  A catoblepas (Shoals:2)
  2 deep elf knights
  A soul eater (D:18)
  A shadow wraith (D:18)
  Erolcha (D:10)
  3 skeletal warriors (D:17)
  2 flayed ghosts (D:22)
  A large abomination (D:18)
  6 ice devils
  A wizard (D:20)
  2 deep trolls
  9 sea snakes
  3 giant amoebae
  An ice statue (IceCv)
  An ironbrand convoker (Vaults:2)
  9 wolf spiders
  14 hill giants
  13 orc knights
  A necromancer (Vaults:1)
  7 unseen horrors
  A wolf spider zombie (D:19)
  3 red wasps
  8 griffons
  3 orc sorcerers (Orc:4)
  A phantasmal warrior (D:21)
  A stone giant zombie (D:19)
  A frost giant skeleton (Vaults:2)
  7 cyclopes
  4 stone giant skeletons
  A black mamba (shapeshifter) (D:20)
  7 elephants (Lair:5)
  9 spiny frogs
  A fire giant skeleton (Vaults:2)
  3 vault sentinels (Vaults:1)
  4 black mambas
  35 yaktaurs
  A guardian serpent (shapeshifter) (Vaults:1)
  6 anaconda simulacra (IceCv)
  2 golden dragon simulacra (IceCv)
  A feature mimic (D:8)
  An iron troll zombie (D:22)
  3 fire drakes
  A redback zombie (Vaults:2)
  An efreet (D:13)
  2 jumping spiders (Spider:1)
  An orb spider (Lair:4)
  A demonic crawler (D:18)
  2 phoenix simulacra (IceCv)
  4 mermaids
  6 trolls
  A blue devil (IceCv)
  8 komodo dragons
  19 slime creatures
  A grizzly bear (Lair:2)
  A red wasp zombie (D:16)
  4 two-headed ogres
  9 snapping turtles
  10 trapdoor spiders
  4 boulder beetles
  A stone giant simulacrum (Vaults:2)
  6 basilisks
  A neqoxec (Orc:4)
  A vampire (D:21)
  30 blink frogs
  5 redbacks (Spider:1)
  2 ettin skeletons
  4 wraiths
  A griffon skeleton (D:14)
  44 yaks
  A chaos spawn (Orc:4)
  4 water elementals (D:15)
  A dire elephant simulacrum (IceCv)
  2 elephant slugs (Lair:8)
  5 shadows
  A steam dragon (Lair:8)
  51 ugly things
  5 tarantellas (Spider:1)
  26 vampire mosquitoes
  A spiny worm zombie (D:19)
  Grum (Orc:2)
  10 hippogriffs
  A harpy simulacrum (IceCv)
  29 wolves
  4 hungry ghosts
  9 sharks
  A hill giant skeleton (D:14)
  2 wyverns
  21 merfolk
  A soldier ant (D:14)
  2 rock worms
  2 hydra simulacra (IceCv)
  A small abomination (D:18)
  7 manticores
  5 deep troll zombies
  A deep troll skeleton (D:20)
  A necrophage (D:12)
  4 mottled dragons
  4 swamp drakes
  5 yellow wasps
  An alligator simulacrum (IceCv)
  An iron troll simulacrum (IceCv)
  9 freezing wraiths
  5 ice beasts
  4 giant goldfish
  10 porcupines
  3 phantoms
  A kobold demonologist (D:17)
  3 sky beasts
  2 hell hounds (Lair:8)
  A black bear (shapeshifter) (D:18)
  A boring beetle (Lair:5)
  38 orc warriors
  2 black bears
  17 ogres
  8 centaurs
  11 wargs
  11 crocodiles
  14 giant slugs
  3 big kobolds
  A draconian (shapeshifter) (D:21)
  9 water moccasins
  A brain worm (D:16)
  2 agate snails
  23 giant frogs
  A manticore zombie (D:8)
  A cyclops skeleton (D:10)
  A glowing shapeshifter simulacrum (D:22)
  An eye of draining (D:12)
  6 killer bees (D:9)
  A yak zombie (D:9)
  A hippogriff zombie (D:9)
  6 electric eels
  6 jellies
  2 jellyfish
  A yak skeleton (D:14)
  9 wights
  9 spiders (Spider:1)
  11 crimson imps
  3 goliath beetles
  20 hounds
  6 quasits
  A goliath beetle (shapeshifter) (D:18)
  2 big fish
  3 giant frog skeletons
  10 iguanas
  27 orc priests
  5 iron imps
  5 orange rats
  41 orc wizards
  6 troll simulacra (IceCv)
  6 worker ants
  2 centaur simulacra (IceCv)
  3 draconian simulacra (IceCv)
  A wolf simulacrum (IceCv)
  6 scorpions
  20 sheep
  An ogre zombie (D:9)
  A sky beast zombie (D:5)
  Jessica (D:2)
  A hound zombie (D:7)
  2 mottled dragon skeletons
  A hound skeleton (D:6)
  37 green rats
  An ogre simulacrum (IceCv)
  20 adders
  6 gnolls
  2 lemures (Orc:4)
  2 shadow imps (Orc:4)
  7 giant centipedes
  5 giant mites
  A naga simulacrum (IceCv)
  6 white imps
  12 ufetubi
  9 worms
  2 giant eyeballs
  2 grey rats (Sewer)
  8 giant geckos
  5 oozes (D:11)
  210 orcs
  A bat skeleton (D:8)
  10 giant cockroaches
  19 hobgoblins
  42 jackals
  34 kobolds
  11 quokkas
  10 ball pythons
  20 bats
  10 giant newts
  2 giant spores
  11 goblins
  A hobgoblin skeleton (D:5)
  A hobgoblin zombie (D:8)
  A kobold zombie (D:6)
  23 rats
  2 spectral orcs (D:13)
  7 ballistomycetes
  A fungus (Shoals:3)
  2 plants (Lair:8)
1586 creatures vanquished.

Vanquished Creatures (collateral kills)
  2 hydras
  An orc knight (D:22)
  A yaktaur (D:17)
  A jumping spider (Spider:2)
  A boulder beetle (D:22)
  The ghost of Zapata the Slicer, an average KoBe of Trog (D:3)
  An ugly thing (D:17)
  An elephant slug (Lair:8)
  A warg (D:22)
  A hound (D:4)
  An orc (D:22)
12 creatures vanquished.

Vanquished Creatures (others)
  4 ugly things
  A water elemental (Lair:7)
  3 humans (Spider:2)
  A yellow wasp (D:18)
  An orc priest (Orc:4)
  7 spiders
  A gnoll (D:6)
  3 giant mites
  An orc (D:20)
  A giant spore (D:15)
  31 butterflies
  6 fungi
  7 plants
67 creatures vanquished.

Grand Total: 1665 creatures vanquished

Notes
Turn   | Place    | Note
--------------------------------------------------------------
     0 | D:1      | Iskender, the Felid Chaos Knight, began the quest for the Orb.
     0 | D:1      | Reached XP level 1. HP: 9/9 MP: 2/2
    22 | D:1      | XOM: harmless Fire miscast
    50 | D:1      | Reached skill level 1 in Stealth
   109 | D:1      | XOM: harmless Ice miscast
   240 | D:1      | Found a glowing golden altar of the Shining One.
   258 | D:1      | XOM: divination: detect creatures
   360 | D:1      | XOM is BORED!
   360 | D:1      | XOM: harmless Chrm miscast
   496 | D:1      | Reached XP level 2. HP: 10/13 MP: 3/3
   739 | D:2      | XOM: silly message
   778 | D:2      | XOM: harmless Conj miscast
  1167 | D:2      | XOM is BORED!
  1167 | D:2      | XOM: silly message
  1221 | D:2      | Noticed Jessica
  1439 | D:2      | Reached skill level 4 in Stealth
  1439 | D:2      | Reached XP level 3. HP: 16/16 MP: 5/5
  1536 | D:2      | XOM: harmless Tloc miscast
  1897 | D:2      | Found a glowing silver altar of Zin.
  1906 | D:2      | Found a deep blue altar of Sif Muna.
  1906 | D:2      | Found a shimmering altar of Xom.
  1951 | D:2      | XOM: harmless Divn miscast
  2089 | D:2      | Reached skill level 5 in Stealth
  2119 | D:2      | XOM: harmless Ice miscast
  2142 | D:2      | XOM: god gift: 17 darts of dispersal
  2151 | D:2      | Found a glowing golden altar of the Shining One.
  2203 | D:2      | XOM: give mutation
  2203 | D:2      | Gained mutation: You can breathe flames. [Xom's grace]
  2442 | D:3      | Reached XP level 4. HP: 13/20 MP: 7/7
  2506 | D:3      | XOM: 2-stop teleportation journey
  2622 | D:3      | Noticed Zapata's ghost (average KoBe)
  2624 | D:3      | XOM: summons 2 hostile demons
  2630 | D:3      | XOM is BORED!
  2630 | D:3      | XOM: enchant monster (bad)
  2928 | D:3      | XOM: divination: detect items
  3081 | D:4      | XOM: 4-stop teleportation journey
  3231 | D:4      | Reached skill level 6 in Stealth
  3244 | D:4      | Got a bloodstained animal skin
  3316 | D:4      | XOM: give mutations
  3316 | D:4      | Gained mutation: You can spit poison. [Xom's grace]
  3316 | D:4      | Gained mutation: You have a pair of small antennae on your head. [Xom's grace]
  3316 | D:4      | Gained mutation: Your mind is acute. (Int +2) [Xom's grace]
  3316 | D:4      | Gained mutation: You are partially covered in thin metallic scales (AC +2). [Xom's grace]
  3340 | D:4      | XOM: confusion (+ monsters)
  3417 | D:4      | XOM: god gift: 20 stones
  3460 | D:4      | XOM: god gift: 5 meat rations
  3484 | D:4      | XOM: 5-stop teleportation journey
  3574 | D:4      | Reached XP level 5. HP: 23/23 MP: 8/8
  3598 | D:4      | Found Qiliadiug's Antique Armour Shoppe.
  3754 | D:4      | Reached skill level 5 in Dodging
  3824 | D:4      | XOM: summons 4 friendly demons
  4346 | D:3      | XOM: vitrification
  4348 | D:3      | XOM: swap monsters
  4359 | D:3      | Killed Zapata's ghost
  4359 | D:3      | Reached skill level 8 in Stealth
  4359 | D:3      | Gained mutation: You are covered in thick fur (AC +2). [growing up]
  4359 | D:3      | Reached XP level 6. HP: 12/27 MP: 10/10
  4601 | D:3      | XOM: god gift: 3500 gold pieces
  4673 | D:3      | XOM: give mutation
  4673 | D:3      | Gained mutation: Your muscles are strong. (Str +2) [Xom's grace]
  4900 | D:2      | XOM: vitrification
  4925 | D:5      | Entered Level 5 of the Dungeon
  5022 | D:4      | XOM: mild Chrm miscast
  5085 | D:5      | Found a glowing drain.
  5139 | Sewer    | Entered a sewer
  5293 | Sewer    | Reached XP level 7. HP: 25/30 MP: 12/12
  5616 | Sewer    | XOM: harmless Erth miscast
  5906 | D:5      | Found a shimmering altar of Xom.
  6000 | D:5      | XOM: mild Pois miscast
  6385 | D:5      | XOM: give mutations
  6385 | D:5      | Lost mutation: Your mind is acute. (Int +2) [Xom's mischief]
  6385 | D:5      | Lost mutation: Your muscles are strong. (Str +2) [Xom's mischief]
  6744 | D:6      | Found Yrph's Food Shoppe.
  6813 | D:6      | XOM is BORED!
  6813 | D:6      | XOM: draining
  6849 | D:6      | Reached skill level 5 in Unarmed Combat
  6916 | D:6      | Reached XP level 8. HP: 22/35 MP: 13/13
  7054 | D:6      | HP: 1/35 [orc priest/divine providence (13)]
  7275 | D:6      | XOM: harmless Fire miscast
  7298 | D:6      | XOM: noise
  7339 | D:6      | Found Zikhipto's Antique Weapon Boutique.
  7535 | D:6      | XOM: inner flame monster(s)
  7538 | D:6      | Reached skill level 9 in Stealth
  7595 | D:6      | Found Mnasof's Magic Scroll Shoppe.
  7602 | D:6      | Bought a scroll of blinking for 66 gold pieces
  7602 | D:6      | Bought a scroll of identify for 24 gold pieces
  7603 | D:6      | Bought a scroll of identify for 24 gold pieces
  7603 | D:6      | Bought a scroll of amnesia for 66 gold pieces
  7603 | D:6      | Bought a scroll of enchant weapon II for 66 gold pieces
  7603 | D:6      | Bought a scroll of random uselessness for 12 gold pieces
  7603 | D:6      | Bought a scroll of enchant armour for 66 gold pieces
  7604 | D:6      | Bought a scroll of torment for 90 gold pieces
  7604 | D:6      | Bought a scroll of curse jewellery for 24 gold pieces
  7716 | D:6      | XOM: give mutations
  7716 | D:6      | Gained mutation: Your mind is acute. (Int +2) [Xom's mischief]
  7716 | D:6      | Gained mutation: You can translocate small distances at will. [Xom's mischief]
  7716 | D:6      | Lost mutation: You can spit poison. [Xom's mischief]
  7780 | D:5      | Found a white marble altar of Elyvilon.
  7827 | D:7      | Found Shemic's Book Shop.
  7829 | D:7      | Found a staircase to the Ecumenical Temple.
  7854 | Temple   | Entered the Ecumenical Temple
  8008 | D:7      | Bought a book of Changes for 275 gold pieces
  8008 | D:7      | Bought a Young Poisoner's Handbook for 440 gold pieces
  8009 | D:7      | Bought a book of Spatial Translocations for 715 gold pieces
  8157 | D:2      | Learned a level 1 spell: Apportation
  8157 | D:2      | Fell from the grace of Xom
  8157 | D:2      | Became a worshipper of Sif Muna the Loreminder
  8265 | D:6      | Learned a level 1 spell: Beastly Appendage
  8268 | D:6      | Learned a level 2 spell: Blink
  8271 | D:6      | Learned a level 2 spell: Shroud of Golubria
  8274 | D:6      | Learned a level 1 spell: Sting
  8335 | D:7      | Found a sparkling altar of Nemelex Xobeh.
  8339 | D:7      | Found a blossoming altar of Fedhas.
  8345 | D:7      | Found Bieqoi's Weapon Shop.
  8379 | D:7      | Found a burning altar of Makhleb.
  8427 | D:7      | Reached skill level 1 in Spellcasting
  8432 | D:7      | Reached skill level 1 in Translocations
  8618 | D:2      | Killed Jessica
  8800 | D:7      | Found an ancient bone altar of Kikubaaqudgha.
  8858 | D:7      | Reached skill level 1 in Conjurations
  8858 | D:7      | Reached skill level 1 in Poison Magic
  8878 | D:7      | Learned a level 2 spell: Sticks to Snakes
  9567 | D:8      | XOM: give mutation
  9567 | D:8      | Gained mutation: Your muscles are strong. (Str +2) [Xom's mischief]
  9701 | D:8      | Killed a staircase mimic
  9701 | D:8      | Acquired Sif Muna's first power
  9706 | D:8      | Learned a level 3 spell: Mephitic Cloud
  9797 | D:8      | Reached skill level 1 in Air Magic
  9797 | D:8      | Reached XP level 9. HP: 28/38 MP: 16/21
  9958 | D:8      | XOM: summons 2 hostile demons
 10506 | D:7      | Reached skill level 1 in Transmutations
 10662 | D:7      | Found a staircase to the Orcish Mines.
 10832 | D:7      | Acquired Sif Muna's second power
 11082 | D:7      | Bought a book of the Sky for 715 gold pieces
 11139 | D:9      | Noticed a hill giant
 11166 | D:9      | Reached skill level 5 in Transmutations
 11655 | D:9      | Killed a hill giant
 11655 | D:9      | Reached XP level 10. HP: 42/42 MP: 11/22
 11691 | D:9      | Learned a level 5 spell: Blade Hands
 12075 | D:9      | Noticed a hill giant
 12104 | D:9      | Killed a hill giant
 12289 | D:10     | Entered Level 10 of the Dungeon
 12316 | D:9      | Acquired Sif Muna's third power
 12649 | D:10     | Reached skill level 10 in Transmutations
 12698 | D:10     | Found a staircase to the Lair.
 12718 | D:10     | Noticed Erolcha
 12842 | D:10     | Noticed Urug
 12917 | D:10     | Reached skill level 10 in Stealth
 13196 | D:7      | Bought a book of Wizardry for 330 gold pieces
 13310 | D:10     | Noticed Harold
 13415 | D:10     | XOM: noise
 13523 | D:11     | Found Witzioh's Gadget Shop.
 13542 | D:11     | Noticed an unseen horror
 13556 | D:11     | Killed an unseen horror
 13677 | D:11     | Reached skill level 1 in Charms
 13791 | D:11     | Found Zofi's Antique Weapon Shop.
 13834 | D:11     | Noticed a hill giant
 13879 | D:11     | Killed a hill giant
 13879 | D:11     | Reached XP level 11. HP: 45/45 MP: 2/23
 14064 | D:11     | Noticed an unseen horror
 14083 | D:11     | Killed an unseen horror
 14387 | D:11     | Reached skill level 5 in Charms
 14893 | D:12     | Noticed a hill giant
 14953 | D:12     | Killed a hill giant
 15364 | D:12     | XOM: mild Chrm miscast
 15546 | D:12     | Found a deep blue altar of Sif Muna.
 15738 | D:10     | Killed Erolcha
 15877 | D:10     | XOM: medium Summ miscast
 15939 | Lair:1   | Entered Level 1 of the Lair of Beasts
 16253 | Lair:1   | Noticed Gastronok
 16603 | Lair:2   | Found a labyrinth entrance.
 16641 | Lab      | Entered a labyrinth
 16750 | Lab      | Noticed a minotaur
 16791 | Lab      | Killed a minotaur
 16827 | Lair:2   | Learned a level 3 spell: Regeneration
 17152 | Lair:2   | Noticed an eight-headed hydra
 17182 | Lair:2   | XOM: enchant monster (bad)
 17628 | Lair:2   | Killed an eight-headed hydra
 17628 | Lair:2   | Received a gift from Sif Muna
 17628 | Lair:2   | Reached skill level 5 in Spellcasting
 17629 | Lair:2   | Identified Sif Muna's Primer on Wizardry (Sif Muna gifted it to you on level 2 of the Lair of Beasts)
 19233 | Lair:3   | Reached skill level 10 in Charms
 19233 | Lair:3   | Gained mutation: Your thick and shaggy fur keeps you warm (AC +3, rC+). [growing up]
 19233 | Lair:3   | Reached XP level 12. HP: 29/49 MP: 20/27
 19667 | Lair:4   | Found a staircase to the Shoals.
 19706 | Lair:4   | Reached skill level 11 in Charms
 20448 | Lair:5   | Reached skill level 12 in Charms
 20594 | Lair:5   | Received a gift from Sif Muna
 20595 | Lair:5   | Identified Cigotuvi's Disquisition on Changing (Sif Muna gifted it to you on level 5 of the Lair of Beasts)
 20914 | Lair:4   | Reached skill level 13 in Charms
 20951 | Lair:4   | Learned a level 6 spell: Haste
 20999 | Lair:4   | Found a hole to the Spider Nest.
 22229 | Lair:6   | Reached XP level 13. HP: 49/52 MP: 14/29
 22292 | Lair:6   | Found a staircase to the Slime Pits.
 22826 | Lair:7   | Learned a level 1 spell: Summon Butterflies
 23180 | Lair:7   | XOM: medium Ice miscast
 23405 | Lair:7   | Reached skill level 10 in Unarmed Combat
 23856 | Lair:7   | HP: 1/52 [oklob plant/splash of acid (17)]
 23856 | Lair:7   | Splashed by an oklob plant's acid
 23857 | Lair:7   | Reached XP level 12. HP: -10/49 MP: 21/28
 24130 | D:10     | Killed Harold
 24269 | D:10     | Killed Urug
 24269 | D:10     | Reached skill level 10 in Dodging
 24380 | Orc:1    | Entered Level 1 of the Orcish Mines
 24651 | Orc:2    | Found Duitwues' Jewellery Shop.
 24651 | Orc:2    | Noticed Grum
 24856 | Orc:3    | XOM: stat loss: -2 Dex (18/20)
 25314 | Orc:3    | Found a roughly hewn altar of Beogh.
 25477 | Orc:3    | Found a radiant altar of Vehumet.
 26048 | Orc:1    | XOM: mild Pois miscast
 26388 | Orc:2    | Killed Grum
 26414 | Orc:2    | Bought a +6 ring of protection for 858 gold pieces
 26722 | Orc:4    | Entered Level 4 of the Orcish Mines
 27047 | Orc:4    | Found a staircase to the Elven Halls.
 27123 | Orc:4    | Reached XP level 13. HP: 50/52 MP: 11/29
 27250 | Orc:4    | XOM: summons 9 hostile demons
 27468 | Orc:4    | XOM: summons 6 hostile demons
 28007 | Orc:4    | Paralysed by an orc sorcerer for 3 turns
 28068 | Orc:4    | Found Houdiu's Armour Shop.
 28103 | Orc:4    | Found Olaps' Gadget Shoppe.
 28104 | Orc:4    | Found Goceiklu's Weapon Shop.
 28104 | Orc:4    | Found Loewn's Book Shoppe.
 28733 | Lair:1   | Killed Gastronok
 29107 | D:13     | Noticed Nergalle
 29135 | D:13     | Killed Nergalle
 29481 | D:13     | XOM: enchant monster (bad)
 29678 | D:14     | Entered Level 14 of the Dungeon
 29858 | D:14     | Found a portal to a secret trove of treasure.
 29942 | D:14     | XOM: vitrification
 30013 | D:14     | XOM: confusion
 30644 | D:15     | Entered Level 15 of the Dungeon
 30860 | D:15     | XOM: enchant monster (bad)
 31061 | D:15     | Reached XP level 14. HP: 57/57 MP: 22/30
 31099 | D:15     | XOM: 5-stop teleportation journey
 31434 | D:15     | Found a staircase to the Vaults.
 31714 | D:15     | XOM: confusion (+ monsters)
 32028 | D:15     | XOM: medium Fire miscast
 32276 | D:16     | Found Uvusa's Gadget Shoppe.
 33617 | D:17     | Reached skill level 14 in Unarmed Combat
 34843 | D:18     | XOM: give mutations
 34843 | D:18     | Lost mutation: Your muscles are strong. (Str +2) [Xom's mischief]
 34843 | D:18     | Gained mutation: Your body is misshapen. [Xom's mischief]
 34843 | D:18     | Gained mutation: You tend to lose your temper in combat. [Xom's mischief]
 34843 | D:18     | Lost mutation: You can translocate small distances at will. [Xom's mischief]
 34922 | D:18     | Reached skill level 15 in Unarmed Combat
 35307 | D:18     | Slain by a reaper
 35308 | D:18     | Reached XP level 13. HP: -1/50 MP: 14/29
 35430 | D:18     | Reached XP level 14. HP: 57/57 MP: 10/30
 35906 | Lair:8   | Entered Level 8 of the Lair of Beasts
 36023 | Lair:8   | XOM: stat loss: -1 Str (7/8)
 36359 | Lair:8   | Reached skill level 5 in Air Magic
 37022 | Lair:8   | Identified Ozocubu's Incunabulum of the Frostbite
 37237 | Lair:8   | Reached skill level 16 in Unarmed Combat
 37340 | Lair:8   | XOM: confusion
 37701 | Spider:1 | Entered Level 1 of the Spider Nest
 38104 | Spider:1 | HP: 2/57 [poisoned by a redback]
 38490 | Spider:2 | Noticed Nessos
 38799 | Spider:2 | Noticed Kirke
 38811 | Spider:2 | Noticed a ghost moth
 38829 | Spider:2 | Noticed Arachne
 38835 | Spider:2 | Killed Kirke
 38835 | Spider:2 | Received a gift from Sif Muna
 38986 | Shoals:1 | Entered Level 1 of the Shoals
 39134 | Shoals:1 | Noticed Agnes
 39521 | Shoals:2 | Learned a level 3 spell: Flight
 39605 | Shoals:2 | Noticed Polyphemus
 39990 | Shoals:1 | Noticed Roxanne
 40435 | Shoals:1 | Killed Agnes
 40472 | Shoals:2 | Reached XP level 15. HP: 60/60 MP: 23/33
 41059 | Shoals:2 | Killed Polyphemus
 41773 | Shoals:3 | Learned a level 6 spell: Deflect Missiles
 41811 | Shoals:3 | Received a gift from Sif Muna
 41812 | Shoals:3 | Identified Sif Muna's Volume of Calling (Sif Muna gifted it to you on level 3 of the Shoals)
 42255 | Shoals:3 | Reached skill level 10 in Spellcasting
 42694 | Vaults:1 | Entered Level 1 of the Vaults
 42750 | Vaults:1 | Reached skill level 1 in Summonings
 42774 | Vaults:1 | Noticed Frances
 42898 | Vaults:1 | XOM: give mutations
 42898 | Vaults:1 | Gained mutation: You are partially covered in molten scales (AC +1). [Xom's mischief]
 42898 | Vaults:1 | Gained mutation: You occasionally shout uncontrollably. [Xom's mischief]
 42898 | Vaults:1 | Was forgiven by Xom
 42935 | Vaults:1 | Noticed Norris
 43625 | Vaults:1 | Noticed Saint Roka
 44150 | Vaults:1 | Reached skill level 5 in Summonings
 44434 | Vaults:2 | Found Elups' Weapon Shoppe.
 44685 | Vaults:2 | Found Fracasigu's Antique Armour Boutique.
 44809 | Vaults:2 | Noticed smajdalf's ghost (mighty DrCj)
 44899 | Vaults:2 | Demolished by a deep troll shaman
 44900 | Vaults:2 | Reached XP level 14. HP: -18/57 MP: 13/33
 45160 | Vaults:2 | Received a gift from Sif Muna
 45161 | Vaults:2 | Identified Sif Muna's Volume of Sinister Companions (Sif Muna gifted it to you on level 2 of the Vaults)
 45492 | Vaults:2 | Mangled by a vault warden
 45493 | Vaults:2 | Reached XP level 13. HP: -7/52 MP: 24/32
 45756 | D:19     | Found a frozen archway.
 45770 | D:19     | Reached XP level 14. HP: 57/57 MP: 23/33
 45794 | IceCv    | Entered an ice cave
 46525 | IceCv    | Noticed an Ice Fiend
 46681 | IceCv    | Identified the Catalogue of Articulation
 47596 | D:20     | Entered Level 20 of the Dungeon
 47953 | D:20     | Received a gift from Sif Muna
 47957 | D:20     | Identified Sif Muna's Reference Book on the Voyage (Sif Muna gifted it to you on level 20 of the Dungeon)
 47984 | D:20     | Found a blossoming altar of Fedhas.
 48335 | D:20     | Learned a level 4 spell: Control Teleport
 48774 | D:20     | Noticed a quicksilver dragon
 49297 | D:21     | Reached XP level 15. HP: 43/60 MP: 21/36
 49346 | D:21     | Learned a level 6 spell: Summon Ugly Thing
 49394 | D:21     | Found a gateway to Hell.
 49504 | D:21     | Noticed a lich
 49524 | D:21     | Killed a lich
 49643 | D:21     | Noticed a frost giant
 49699 | D:21     | Killed a frost giant
 50054 | D:21     | Noticed a fire giant
 50093 | D:21     | Killed a fire giant
 51397 | D:22     | Noticed Jory
 51566 | D:22     | Noticed a shadow dragon
 51569 | D:22     | Reached skill level 15 in Dodging
 52440 | D:22     | Mangled by an ettin skeleton

Action                   |  1- 3 |  4- 6 |  7- 9 | 10-12 | 13-15 || total
-------------------------+-------+-------+-------+-------+-------++-------
Melee: Unarmed           |   135 |   198 |   437 |  1294 |  3744 ||  5808
 Cast: Sting             |       |       |   124 |   424 |   277 ||   825
       Shroud of Golubri |       |       |    15 |    90 |   234 ||   339
       Apportation       |       |       |     3 |    23 |    53 ||    79
       Mephitic Cloud    |       |       |     8 |   106 |   200 ||   314
       Sticks to Snakes  |       |       |     1 |     5 |       ||     6
       Blade Hands       |       |       |       |    42 |   156 ||   198
       Regeneration      |       |       |       |    77 |   269 ||   346
       Blink             |       |       |       |    13 |    11 ||    24
       Haste             |       |       |       |     6 |    30 ||    36
       Deflect Missiles  |       |       |       |       |    52 ||    52
       Flight            |       |       |       |       |    37 ||    37
       Summon Butterflie |       |       |       |       |    15 ||    15
       Summon Ugly Thing |       |       |       |       |     5 ||     5
Invok: Channel Energy    |       |       |    13 |   181 |   372 ||   566
 Abil: Breathe Fire      |     1 |    11 |    34 |    90 |   124 ||   260
       Spit Poison       |       |    17 |    29 |       |       ||    46
       End Transformatio |       |       |       |     7 |    15 ||    22
       Evoke Teleport Co |       |       |       |     3 |     1 ||     4
Evoke: Miscellaneous     |       |       |       |       |     5 ||     5
  Use: Potion            |     2 |     1 |       |     8 |    17 ||    28
       Scroll            |       |     8 |     7 |    14 |    23 ||    52
 Stab: Sleeping          |     7 |     8 |    11 |    31 |    53 ||   110
       Distracted        |       |       |     3 |     2 |     5 ||    10
       Confused          |       |       |     1 |    62 |   163 ||   226
       Invisible         |       |       |       |     1 |     1 ||     2
       Held in net/web   |       |       |       |       |     2 ||     2
       Petrified         |       |       |       |       |     1 ||     1
